 Dungeon Crawl Stone Soup version 0.19.1 (webtiles) character file.

140 Host24 the Skirmisher (level 5, -3/35 HPs)
             Began as a Kobold Hunter on Dec 31, 2016.
             Slain by Host24's ghost (10 damage)
             ... on level 3 of the Dungeon.
             The game lasted 00:03:56 (2849 turns).

Host24 the Skirmisher (Kobold Hunter)               Turns: 2849, Time: 00:03:56

Health: -3/35      AC:  4    Str: 10    XL:     5   Next: 47%
Magic:  5/5        EV: 15    Int: 12    God:
Gold:   155        SH:  0    Dex: 16    Spells: 0 memorised, 4 levels left

rFire  . . .     SeeInvis .     a - +1 hand crossbow
rCold  . . .     Gourm    .     c - +0 leather armour
rNeg   . . .     Faith    .     (shield restricted)
rPois  .         Spirit   .     (no helmet)
rElec  .         Reflect  .     (no cloak)
rCorr  .         Harm     .     (no gloves)
MR     .....                    g - +0 pair of boots (curse)
Stlth  ++........               (no amulet)
                                (no ring)
                                (no ring)

@: no status effects
A: carnivore 3
a: no special abilities


You were on level 3 of the Dungeon.
You were completely stuffed.

You visited 1 branch of the dungeon, and saw 3 of its levels.

You collected 155 gold pieces.

Inventory:

Hand Weapons
 a - a +1 hand crossbow (weapon)
 b - a +0 short sword
 r - a +0 dagger of venom
 s - a +0 blowgun
Missiles
 d - 13 bolts (quivered)
 e - 138 stones
 n - 17 sling bullets
 t - 30 poisoned needles
Armour
 c - a +0 leather armour (worn)
 g - a cursed +0 pair of boots (worn)
Scrolls
 h - a scroll of teleportation {unknown}
 j - 2 scrolls of random uselessness {unknown}
 k - a scroll of enchant weapon {unknown}
 m - a scroll of identify {unknown}
 p - a scroll of recharging {unknown}
Potions
 l - a potion of haste {unknown}
 o - a potion of agility {unknown}
 q - a potion of heal wounds {unknown}
 u - a potion of flight {unknown}
 v - a potion of curing {unknown}
 w - 2 potions of magic {unknown}
Comestibles
 f - 2 meat rations
 i - 2 slices of pizza
 x - a royal jelly
 z - 2 chunks of flesh


   Skills:
 + Level 5.3 Fighting
 - Level 5.0 Crossbows
 - Level 3.1 Dodging
 - Level 1.3 Stealth


You had 4 spell levels left.
You didn't know any spells.

Dungeon Overview and Level Annotations

Branches:
Dungeon (3/15)

Altars:
Yredelemnul

Annotations:
D:3 Host24's ghost, amateur KoHu


Innate Abilities, Weirdness & Mutations

You are small and have problems with some larger weapons.
You are carnivorous and can eat meat at any time.


Message History

a - a +1 hand crossbow (weapon)
Firing (i - inventory. (,) - cycle):
d - 16 bolts (quivered)
Press: ? - help, Shift-Dir - straight line, f - Host24's ghost
Aim: Host24's ghost You shoot a bolt.
The bolt closely misses Host24's ghost.
Host24's ghost misses you.
Firing (i - inventory. (,) - cycle):
d - 15 bolts (quivered)
Press: ? - help, Shift-Dir - straight line, f/p - Host24's ghost
Aim: Host24's ghost You shoot a bolt.
The bolt hits Host24's ghost.
Host24's ghost is lightly damaged.
Host24's ghost hits you!
* * * LOW HITPOINT WARNING * * *
Host24's ghost hits you but does no damage.
Firing (i - inventory. (,) - cycle):
d - 14 bolts (quivered)
Press: ? - help, Shift-Dir - straight line, f/p - Host24's ghost
Aim: Host24's ghost (lightly damaged)
You shoot a bolt. The bolt closely misses Host24's ghost.
Host24's ghost hits you!
You die...

##...##..# ...##...##..
#....''.⌠.''.
####..##...##..
##....##...##..#
#.(..##...##..## #####
#...##.⌠.##..##.
......###..####'##......
#.....@W.....(....#####
#.##.###.........## #.##
#.#####..## #. ...
#.#####..# #.# #.#
#........# #.# #.#
#######'## #.# #.#
##...## ## #.# #.####
##.....## .###.# #.##.##
##.......##


You could see Host24's ghost.

Vanquished Creatures
  An orc wizard (D:3)
  A gnoll (D:3)
  4 adders
  An adder zombie (D:1)
  A dart slug (D:1)
  A leopard gecko (D:1)
  2 orcs (D:3)
  2 ball pythons
  2 giant cockroaches (D:3)
  10 hobgoblins
  8 jackals
  A quokka (D:2)
  5 bats
  2 frilled lizards
  4 goblins
  A jackal zombie (D:1)
  7 kobolds
  6 rats
59 creatures vanquished.

Notes
Turn   | Place    | Note
-------+----------+-------------------------------------------
     0 | D:1      | Host24 the Kobold Hunter began the quest for the Orb.
     0 | D:1      | Reached XP level 1. HP: 12/12 MP: 1/1
   149 | D:1      | Reached XP level 2. HP: 18/18 MP: 2/2
   770 | D:1      | Reached XP level 3. HP: 20/23 MP: 3/3
   797 | D:1      | Reached skill level 5 in Crossbows
  1655 | D:2      | Reached XP level 4. HP: 14/29 MP: 4/4
  2399 | D:3      | Found a basalt altar of Yredelemnul.
  2404 | D:3      | Reached XP level 5. HP: 23/34 MP: 5/5
  2708 | D:3      | Reached skill level 5 in Fighting
  2815 | D:3      | Noticed Host24's ghost (amateur KoHu)
  2849 | D:3      | Slain by Host24's ghost

Skill      XL: |  1  2  3  4  5 |
---------------+----------------+-----
Fighting       | 3 4 5 |  5.3
Dodging        | 3 |  3.1
Crossbows      | 5 |  5.0
Stealth        | |  1.3

Action                   |  1- 3 |  4- 6 || total
-------------------------+-------+-------++-------
Melee: Short sword       |   138 |    68 ||   206
       Dagger            |       |    28 ||    28
 Fire: Hand crossbow     |       |    13 ||    13
 Stab: Sleeping          |     2 |       ||     2
  Eat: Chunk             |    11 |     4 ||    15
Armor: Leather armour    |    30 |    24 ||    54
Dodge: Dodged            |   118 |    85 ||   203
